 Dungeon Crawl Stone Soup version 0.30-a0-23-ge60ba3568b (webtiles) character file.

Game seed: 5409732760400773186

130 Sobieck the Sneak (level 5, -1/26 HPs)
             Began as a Vine Stalker Brigand on Aug 25, 2022.
             Succumbed to a scorpion's poison
             ... on level 4 of the Dungeon.
             The game lasted 00:04:13 (2248 turns).

Sobieck the Sneak (Vine Stalker Brigand)            Turns: 2248, Time: 00:04:13

Health: -1/26      AC:  8    Str: 13    XL:     5   Next: 14%
Magic:  3/6        EV: 11    Int: 11    God:
Gold:   164        SH:  0    Dex: 18    Spells: 4/4 levels left

rFire   + . .      SeeInvis .    a - +2 dagger {short}
rCold   . . .      Faith    .    (no shield)
rNeg    . . .      Spirit   +    z - +2 leather armour {rF+}
rPois   .          Reflect  .    (no helmet)
rElec   .          Harm     .    c - +0 cloak
rCorr   .          Rampage  .    F - +0 pair of gloves
Will    .....                    x - +0 pair of boots
Stlth   +++.......               (no amulet)
HPRegen 0.88/turn                (no ring)
MPRegen 0.10/turn                (no ring)

@: lethally poisoned (-1 -> -7)
A: fangs 2, regeneration 1, magic shield, antimagic bite, no potion heal 2
a: no special abilities


You were on level 4 of the Dungeon.
You visited 1 branch of the dungeon, and saw 4 of its levels.

You collected 164 gold pieces.


Innate Abilities, Weirdness & Mutations

You have extremely sharp teeth.
Your natural rate of healing is unusually fast.
When hurt, damage is shared between your health and your magic reserves.
Your bite disrupts and absorbs the magic of your enemies.
Potions cannot restore your health.


   Skills:
 - Level 1.7 Fighting
 + Level 3.4 Short Blades
 * Level 0.3 Ranged Weapons
 + Level 3.4 Throwing
 - Level 0.7 Dodging
 - Level 4.8 Stealth


You had 4 spell levels left.
You didn't know any spells.
Your spell library contained the following spells:

 Spells                   Type           Power      Damage    Failure   Level
 Ignite Poison            Fire/Tmut/Pois 0%         N/A       80%         3
 Mephitic Cloud           Conj/Pois/Air  0%         N/A       80%         3
 Freezing Cloud           Conj/Ice/Air   0%         6-21      100%        5

Inventory:

Hand Weapons
 a - a +2 dagger (weapon) {short}
 b - a +0 longbow {bow}
   (You found it on level 2 of the Dungeon)
 j - a +0 short sword {short}
   (You took it off a kobold on level 1 of the Dungeon)
Missiles
 d - 11 poisoned darts (quivered) {throwing}
 e - 3 curare-tipped darts {=fthrowing}
 i - 26 stones {throwing}
 y - 3 boomerangs of dispersal {=f!fthrowing}
 A - 3 boomerangs {throwing}
Armour
 c - a +0 cloak (worn)
 g - a +0 ring mail
   (You found it on level 1 of the Dungeon)
 n - a +0 scale mail
   (You took it off a hobgoblin on level 2 of the Dungeon)
 o - a +0 robe
 r - a +0 robe
   (You took it off Jessica on level 2 of the Dungeon)
 u - a +0 leather armour
   (You found it on level 2 of the Dungeon)
 w - a +0 leather armour
   (You found it on level 2 of the Dungeon)
 x - a +0 pair of boots (worn)
   (You found it on level 3 of the Dungeon)
 z - a +2 leather armour of fire resistance (worn)
   (You took it off an orc on level 3 of the Dungeon)
 B - a +0 leather armour
   (You took it off an orc on level 3 of the Dungeon)
 E - a +0 robe
   (You found it on level 3 of the Dungeon)
 F - a +0 pair of gloves (worn)
   (You found it on level 3 of the Dungeon)
 H - a +0 robe
   (You found it on level 4 of the Dungeon)
Scrolls
 k - a scroll of magic mapping {unknown}
 l - a scroll of fear {unknown}
 m - a scroll of torment {unknown}
 p - a scroll of teleportation {unknown}
 s - 4 scrolls of identify {unknown}
 t - a scroll of poison {unknown}
 D - a scroll of vulnerability {unknown}
 G - a scroll of brand weapon {unknown}
Potions
 f - 2 potions of brilliance {unknown}
 h - 3 potions of curing {unknown}
 q - a potion of might {unknown}
 v - a potion of invisibility {unknown}
 C - a potion of ambrosia {unknown}

Dungeon Overview and Level Annotations

Branches:
Dungeon (4/15) Zot: 21746
 Temple: D:4-7

Altars:
Gozag

Annotations:
D:3 3 runed translucent doors, Juicyj's ghost, amateur DjFE

#### #.. #.#
#############.####.#
#..................#
#.###########.######
#####.########..@........
.............+......>###.
#####.<#######...###.#
+......# #...# .#
######.# ..... . #.#
+...†. . #.# #..... .#
..# #...... ..#


There were no monsters in sight!


Message History

Unknown command.
Unknown command.
Found a stone staircase leading down.
Unknown command.
H - a +0 robe A ball python comes into view.
Danger!
You shoot an arrow. The arrow hits the ball python.
You kill the ball python!
No target in view!
Unknown command.
An adder comes into view.
Danger!
You shoot an arrow. The arrow hits the adder!
The adder hisses angrily.
You shoot an arrow. The arrow hits the adder!
You kill the adder!
An endoplasm comes into view.
You shoot an arrow. The arrow barely misses the endoplasm.
You shoot an arrow.
The arrow hits the endoplasm but does no damage.
You shoot an arrow. The arrow barely misses the endoplasm.
a - a +2 dagger (weapon)
{short} You hit the endoplasm.
The endoplasm freezes you.
You are frozen.
You hit the endoplasm. Your bite misses the endoplasm.
The endoplasm freezes you.
You are frozen.
You barely miss the endoplasm. You bite the endoplasm.
You kill the endoplasm!
No target in view!
A scorpion comes into view.
Danger!
b - a +0 longbow (weapon)
{bow} You shoot an arrow.
The arrow closely misses the scorpion.
You shoot an arrow.
The arrow hits the scorpion but does no damage.
You shoot an arrow. The arrow barely misses the scorpion.
a - a +2 dagger (weapon)
{short} The scorpion closely misses you.
You hit the scorpion. The scorpion stings you.
You hit the scorpion. The scorpion barely misses you.
You closely miss the scorpion. Your bite misses the scorpion.
The scorpion stings you.
You barely miss the scorpion. You bite the scorpion. You drain its power.
You feel invigorated.
The scorpion stings you but does no damage.
You hit the scorpion. You closely miss the scorpion.
Your bite misses the scorpion.
The scorpion stings you but does no damage.
You hit the scorpion. You bite the scorpion. You drain its power.
The scorpion barely misses you.
You hit the scorpion but do no damage.
You bite the scorpion, but do no damage.
The scorpion stings you but does no damage.
You hit the scorpion. Your bite misses the scorpion. The scorpion stings you.
You are poisoned.
The scorpion poisons you! The scorpion misses you.
You hit the scorpion. Your bite misses the scorpion.
You feel very sick. The scorpion stings you.
You are more poisoned.
The scorpion poisons you!
You hit the scorpion but do no damage.
You feel very sick. The scorpion barely misses you.
You hit the scorpion.
You feel very sick.
Unknown command.
You hit the scorpion but do no damage.
You bite the scorpion, but do no damage.
You feel very sick. The scorpion barely misses you. x2
You closely miss the scorpion. Your bite misses the scorpion.
You feel sick. The scorpion stings you.
* * * LOW HITPOINT WARNING * * *
You are lethally poisoned!
The scorpion poisons you!
You hit the scorpion. Your bite misses the scorpion.
* * * LOW HITPOINT WARNING * * *
You feel very sick. The scorpion closely misses you.
Unknown command.
You barely miss the scorpion.
* * * LOW HITPOINT WARNING * * *
You feel very sick. The scorpion stings you.
Unknown command.
Okay, then.
Unknown command.
You hit the scorpion but do no damage. Your bite misses the scorpion.
* * * LOW HITPOINT WARNING * * *
You feel sick.
The scorpion stings you but does no damage.
Unknown command.
Unknown command.
You hit the scorpion.
You kill the scorpion!
You die...

Skill      XL: |  1  2  3  4 |
---------------+-------------+-----
Short Blades   | 2 3 |  3.4
Throwing       | 2 3 |  3.4
Fighting       | |  1.7
Ranged Weapons | |  0.3
Dodging        | |  0.7
Stealth        | |  4.8

Action                   |  1- 3 |  4- 6 || total
-------------------------+-------+-------++-------
Melee: Dagger            |    52 |    51 ||   103
       Bite              |    12 |    14 ||    26
 Fire: Longbow           |     1 |    45 ||    46
 Stab: Sleeping          |     8 |       ||     8
Armor: Robe              |     4 |     3 ||     7
       Leather armour    |       |     6 ||     6
Dodge: Dodged            |    19 |    27 ||    46

Levels and vault maps discovered:
D:1:      zelgadis_glass_arrival_large, layout_rooms,
          dreamdust_ecumenical_altar_grove
D:2:      layout_loops_ring, uniq_jessica
D:3:      layout_loops_ring, nicolae_gozag_cash_rules_everything_around_me,
          gammafunk_ghost_icy, minmay_misc_feat_iff
D:4:      layout_basic, serial_shops, shop, nicolae_figureground_sparkle,
          uniq_pikel, uniq_sigmund, uniq_ijyb, uniq_robin, uniq_menkaure

Notes
Turn   | Place    | Note
-------+----------+-------------------------------------------
     0 | D:1      | Sobieck the Vine Stalker Brigand began the quest for the
                  | Orb.
     0 | D:1      | Reached XP level 1. HP: 11/11 MP: 2/2
    80 | D:1      | Reached skill level 2 in Short Blades
    80 | D:1      | Reached skill level 2 in Throwing
   201 | D:1      | Reached XP level 2. HP: 15/15 MP: 3/3
   366 | D:1      | Found a faded altar of an unknown god.
   506 | D:1      | Reached XP level 3. HP: 18/18 MP: 4/4
   911 | D:2      | Noticed Jessica
   914 | D:2      | Killed Jessica
   915 | D:2      | Gained mutation: Your natural rate of healing is unusually
                  | fast. [Vine Stalker growth]
   915 | D:2      | Reached XP level 4. HP: 23/23 MP: 5/5
  1202 | D:2      | Reached skill level 3 in Throwing
  1219 | D:2      | Reached skill level 3 in Short Blades
  1401 | D:3      | Found an opulent altar of Gozag.
  1446 | D:3      | Noticed Juicyj's ghost (amateur DjFE)
  1566 | D:3      | Found a runed translucent gate.
  1566 | D:3      | Found a runed translucent gate.
  1566 | D:3      | Found a runed translucent gate.
  1889 | D:3      | Reached XP level 5. HP: 26/26 MP: 6/6
  1908 | D:3      | You add the spells Ignite Poison, Mephitic Cloud and
                  | Freezing Cloud to your library.
  2245 | D:4      | HP: 6/26 [poisoned by a scorpion]
  2246 | D:4      | HP: 2/26 [poisoned by a scorpion]
  2248 | D:4      | Succumbed to a scorpion's poison

Vanquished Creatures
  A scorpion (D:4)
  Jessica (D:2)
  4 adders
  A worm (D:3)
  A dart slug (D:1)
  5 orcs (D:3)
  2 bats (D:1)
  4 endoplasms
  5 giant cockroaches
  4 goblins
  7 hobgoblins
  2 quokkas (D:2)
  7 ball pythons
  5 frilled lizards
  5 kobolds
  5 rats
59 creatures vanquished.

Table legend:
 A = Non-vault XP
 B = Vault XP
 C = Vault XP percentage of total XP
 D = Non-vault monster count
 E = Vault monster count
 F = Vault count percentage of total count
                 A         B        C        D         E       F
            +---------+---------+-------+---------+---------+-------
      Total |     241 |      37 |  13.3 |      58 |       1 |   1.7
            +---------+---------+-------+---------+---------+-------
        D:1 |      39 |       0 |   0.0 |      24 |       0 |   0.0
        D:2 |      13 |      37 |  74.0 |       8 |       1 |  11.1
        D:3 |      81 |       0 |   0.0 |      22 |       0 |   0.0
        D:4 |     108 |       0 |   0.0 |       4 |       0 |   0.0
            +---------+---------+-------+---------+---------+-------

Illustrated notes

Table legend:
 A = Kills in this place as a percentage of kills in entire the game.
 B = Kills by you in this place as a percentage of kills by you in the entire game.
 C = Kills by friends in this place as a percentage of kills by friends in the entire game.
 D = Other kills in this place as a percentage of other kills in the entire game.
 E = Experience gained in this place as a percentage of experience gained in the entire game.
 F = Experience gained in this place divided by the number of levels of this place that you have seen.
                   A       B       C       D       E      F
               +-------+-------+-------+-------+-------+----------------------
         Total | 100.0 | 100.0 |   N/A |   N/A | 100.0 |  69.5
       Dungeon | 100.0 | 100.0 |   N/A |   N/A | 100.0 |  69.5
               +-------+-------+-------+-------+-------+----------------------

Table legend: (Time is in decaauts)
 A = Elapsed time spent in this place.
 B = Non-inter-level travel time spent in this place.
 C = Inter-level travel time spent in this place.
 D = Time resting spent in this place.
 E = Time spent auto-exploring this place.
 F = Levels seen in this place.
 G = Mean time per level.
                   A        B        C        D        E       F      G
               +--------+--------+--------+--------+--------+-----+--------+
         Total |   2253 |   2202 |     51 |     18 |   1759 |   4 |  563.2 |
       Dungeon |   2253 |   2202 |     51 |     18 |   1759 |   4 |  563.2 |
               +--------+--------+--------+--------+--------+-----+--------+

Top non-repeatable levels by time:
     D:3: 810 daAuts
     D:1: 735 daAuts
     D:2: 652 daAuts
     D:4: 54 daAuts
